 Dungeon Crawl Stone Soup version 0.31.0-11-ge490571c62 (webtiles) character file.

Game seed: 8460361014971669825

355 NamelessAdventurer the Charlatan (level 6, -4/44 HPs)
             Began as a Human Artificer on Feb 1, 2024.
             Splashed by a jelly's acid (10 damage)
             ... in a sewer.
             The game lasted 00:08:36 (1549 turns).

NamelessAdventurer the Charlatan (Human Artificer)  Turns: 1549, Time: 00:08:38

Health: -4/44      AC: -3    Str: 13    XL:     6   Next: 63%
Magic:  6/6        EV: 12    Int: 13    God:
Gold:   30         SH:  0    Dex: 13    Spells: 5/5 levels left

rFire   . . .        f - +1 short sword (speed)
rCold   . . .        (no shield)
rNeg    . . .        b - +1 leather armour
rPois   .            (no helmet)
rElec   .            (no cloak)
rCorr   .            (no gloves)
SInv    .            (no boots)
Will    .....        (no amulet)
Stlth   ++           (no ring)
HPRegen 0.27/turn    (no ring)
MPRegen 0.10/turn

%: no passive effects
@: corroded
A: explore regen
a: no special abilities


You were in a sewer.
You visited 1 branch of the dungeon, and saw 4 of its levels.
You also visited: Sewer.

You collected 56 gold pieces.
You spent 26 gold pieces at shops.

Inventory:

Hand Weapons
 a - a +0 club
 f - a +1 short sword of speed (weapon)
Missiles
 j - 6 datura-tipped darts (quivered)
 l - 3 boomerangs
Armour
 b - a +1 leather armour (worn)
Wands
 d - a wand of charming (8)
 e - a wand of iceblast (3)
 i - a wand of roots (5)
Scrolls
 g - a scroll of vulnerability
 k - a scroll of torment


   Skills:
 * Level 2.1 Fighting
 * Level 2.5 Short Blades
 * Level 1.6 Maces & Flails
 * Level 1.5 Throwing
 * Level 2.9 Armour
 * Level 2.2 Dodging
 * Level 2.3 Stealth
 * Level 4.1 Evocations


You had 5 spell levels left.
You didn't know any spells.
Your spell library contained the following spells:

 Spells                   Type           Power      Damage    Failure   Level
 Mercury Vapours          Alch/Air       0%         N/A       52%         2
 Mephitic Cloud           Conj/Alch/Air  0%         N/A       75%         3
 Freezing Cloud           Conj/Ice/Air   0%         6-21      100%        5


Dungeon Overview and Level Annotations

Branches:
Dungeon (4/15)              Sewer (1/1)
 Temple: D:4-7

Altars:

Shops:
D:1 ?


Innate Abilities, Weirdness & Mutations

You regain HP and MP as you explore.


Message History

You hit the endoplasm but do no damage.
The endoplasm is severely wounded.
The endoplasm misses you.
You hit the endoplasm.
The endoplasm is almost dead.
The endoplasm freezes you.
You are frozen.
Your jelly hits the jelly.
Unknown command.
You hit the endoplasm but do no damage.
The endoplasm is almost dead.
The endoplasm hits you.
Your jelly hits the jelly.
Unknown command.
You hit the endoplasm.
You kill the endoplasm!
Unknown command.
You hit the jelly.
Your hands burn!
The jelly is moderately wounded.
A jelly comes into view.
The jelly hits you.
You are splashed with acid!
Your jelly hits the jelly.
Unknown command.
You hit the jelly. The acid corrodes you!
Your hands burn!
The jelly is severely wounded.
Unknown command.
You barely miss the jelly.
The jelly is severely wounded.
The jelly hits you.
You are splashed with acid!
* * * LOW HITPOINT WARNING * * *
The frilled lizard barely misses you.
Your jelly completely misses the jelly.
Unknown command.
You aren't carrying any potions.
Unknown command.
Unknown command.
Unknown command.
Aiming: Charm
Press: ? - help, Shift-Dir - straight line, f - jelly
Aim: a jelly (severely wounded, ally target, chance to affect: 67%)
The jelly struggles to resist.
The jelly hits you.
* * * LOW HITPOINT WARNING * * *
The acid corrodes you!
You are splashed with acid!
You die...

############
####~.†..~..~..
##~.~..†.....~~.
#.~~.~#########~
#~ ##...### ##
#... ##.~.##
#.~~###~..~#
#..~Jl@.~##
##~~JJ†~##
#########
#..~~~J†##
#...~....
~..~..~~†#
#~..~.~.~
.~.~..#~~~
#.~######
.##.~.##.~. #~.#
#..~. ##~~ #~~#
#.~#. ...
#††###### #..
~~# #....~...


You could see 2 jellies, an endoplasm, a frilled lizard and a friendly jelly
(charmed).

Vanquished Creatures
  A phantom (D:4)
  A scorpion (D:4)
  A hound (D:4)
  2 jellies (Sewer)
  An orc wizard (D:4)
  A gnoll (D:1)
  4 adders
  4 dart slugs
  A ribbon worm (D:3)
  An orc (D:4)
  2 bats
  4 endoplasms
  4 giant cockroaches
  9 goblins
  A hobgoblin (D:3)
  2 jackals (D:1)
  4 kobolds
  2 quokkas (D:1)
  5 ball pythons
  5 frilled lizards (Sewer)
  4 rats
59 creatures vanquished.

Vanquished Creatures (collateral kills)
  3 orcs (D:4)
  A giant cockroach (Sewer)
  2 hobgoblins
6 creatures vanquished.

Vanquished Creatures (others)
  A ball python (D:2)
1 creature vanquished.

Grand Total: 66 creatures vanquished

Notes
Turn   | Place    | Note
-------+----------+-------------------------------------------
     0 | D:1      | NamelessAdventurer the Human Artificer began the quest for
                  | the Orb.
     0 | D:1      | Reached XP level 1. HP: 15/15 MP: 1/1
     7 | D:1      | Found Fodufear's Magic Scroll Shop.
    40 | D:1      | Reached XP level 2. HP: 14/21 MP: 2/2
   255 | D:2      | Reached XP level 3. HP: 7/26 MP: 3/3
   524 | D:1      | Bought a scroll of identify for 26 gold pieces
   662 | D:3      | Reached XP level 4. HP: 32/32 MP: 4/4
   676 | D:3      | Reached skill level 1 in Short Blades
   926 | D:4      | Reached skill level 1 in Maces & Flails
   926 | D:4      | Reached XP level 5. HP: 20/37 MP: 5/5
  1077 | D:4      | Noticed a phantom
  1095 | D:4      | Killed a phantom
  1096 | D:4      | Reached skill level 1 in Throwing
  1149 | D:4      | Reached skill level 4 in Evocations
  1225 | D:4      | Reached XP level 6. HP: 31/44 MP: 6/6
  1320 | D:4      | Found a glowing drain.
  1334 | Sewer    | Entered a sewer
  1549 | Sewer    | Splashed by a jelly's acid

Illustrated notes

Levels and vault maps discovered:
D:1:      dpeg_arrival_houses_and_road, layout_rooms, serial_shops, shop,
          grunt_decor_cap, minmay_box_of_dots
D:2:      layout_basic, minmay_curled_crystal
D:3:      kennysheep_the_goblin_king, layout_rooms, serial_shops, shop,
          shapermc_ecumenical_altar_petra, minmay_cupped
D:4:      layout_basic, gammafunk_temple_overflow_elements,
          cheibrodos_sewer_entry_bend
Sewer:    sewer_hellmonk_slimy_pipes

Skill      XL: |  1  2  3  4  5  6 |
---------------+-------------------+-----
Short Blades   | 1 2 |  2.5
Maces & Flails | 1 |  1.6
Throwing       | 1 |  1.5
Stealth        | 2 |  2.3
Evocations     | 4 |  4.1
Dodging        | 2 |  2.2
Fighting       | 2 |  2.1
Armour         | |  2.9

Action                     |  1- 3 |  4- 6 || total
---------------------------+-------+-------++-------
  Melee: Club              |    13 |       ||    13
         Short sword       |    74 |   140 ||   214
         Punch             |     1 |     2 ||     3
  Throw: Dart              |       |     1 ||     1
  Evoke: Wand              |    10 |    18 ||    28
    Use: Scroll            |     4 |     3 ||     7
         Potion            |     1 |     2 ||     3
   Stab: Sleeping          |     1 |     1 ||     2
 Armour: Leather armour    |    54 |    78 ||   132
         Skin              |       |     9 ||     9
  Dodge: Dodged            |    55 |    61 ||   116
